 Dungeon Crawl Stone Soup version 0.21-a0-279-g6037ffb (webtiles) character file.

329 sadsongs the Sneak (level 6, 0/38 HPs)
             Began as an Octopode Wizard on Sept 23, 2017.
             Succumbed to a worker ant's poison
             ... on level 4 of the Dungeon.
             The game lasted 00:07:58 (4830 turns).

sadsongs the Sneak (Octopode Wizard)                Turns: 4830, Time: 00:07:59

Health: 0/38       AC:  1    Str:  6    XL:     6   Next: 51%
Magic:  12/12      EV: 13    Int: 23    God:
Gold:   230        SH:  0    Dex: 10    Spells: 0/13 levels left

rFire    + . .     SeeInvis .   h - +0 whip
rCold    . . .     Gourm    .   (no shield)
rNeg     . . .     Faith    .   a - +0 hat
rPois    .         Spirit   .   (no amulet)
rElec    .         Reflect  .   g - ring of protection from fire
rCorr    .         Harm     .   (no ring)
MR       .....                  (no ring)
Stlth    ++++......             (no ring)
HPRegen  0.12/turn              (no ring)
MPRegen  0.13/turn              (no ring)
                                (no ring)
                                (no ring)

@: lethally poisoned (0 -> -4), berserk cooldown, slowed, very slow
A: almost no armour, stealthy swim, amphibious, 8 rings, constrict 8, tentacle
spike 1, camouflage 1, blurry vision 1, gelatinous body 1
a: no special abilities


You were on level 4 of the Dungeon.
You were not hungry.

You visited 1 branch of the dungeon, and saw 4 of its levels.

You collected 230 gold pieces.

Inventory:

Hand Weapons
 h - a +0 whip (weapon)
Missiles
 e - 5 stones (quivered)
 p - 4 tomahawks of dispersal
Armour
 a - a +0 hat (worn)
Jewellery
 g - a ring of protection from fire (left tentacle)
Scrolls
 d - 3 scrolls of enchant weapon {unknown}
 f - 4 scrolls of remove curse {unknown}
 i - 2 scrolls of identify
 j - 2 scrolls of blinking {unknown}
 k - a scroll of amnesia {unknown}
 o - 2 scrolls of magic mapping {unknown}
 r - 2 scrolls of teleportation {unknown}
 v - a scroll of random uselessness {unknown}
Potions
 u - a potion of invisibility
 w - a potion of brilliance
Books
 b - a book of Minor Magic

   Spells                             Type                      Level
   a - Magic Dart                     Conjuration                  1
   b - Blink                          Translocation                2
   c - Call Imp                       Summoning                    2
   d - Slow                           Hexes                        2
   e - Conjure Flame                  Conjuration/Fire             3
   f - Mephitic Cloud                 Conjuration/Poison/Air       3
Comestibles
 c - a royal jelly
 n - a meat ration
 q - a bread ration
 s - 4 fruits
 t - 4 chunks of flesh


   Skills:
 + Level 1.1 Fighting
 - Level 2.0 Dodging
 * Level 6.6 Stealth
 + Level 4.2 Spellcasting
 + Level 3.1 Conjurations
 - Level 1.0 Summonings
 - Level 1.0 Translocations


You couldn't memorise any spells.
You knew the following spells:

 Your Spells              Type           Power        Failure   Level  Hunger
a - Magic Dart            Conj           ###.         2%          1    None
b - Call Imp              Summ           #.......     11%         2    #......
c - Blink                 Tloc           N/A          11%         2    #......
d - Mephitic Cloud        Conj/Pois/Air  #.......     21%         3    ##.....
e - Conjure Flame         Conj/Fire      ##......     16%         3    ##.....
f - Slow                  Hex            #.......     16%         2    #......


Dungeon Overview and Level Annotations

Branches:
Dungeon (4/15)
 Temple: D:4-7

Altars:
Nemelex Xobeh
Qazlal


Innate Abilities, Weirdness & Mutations

You cannot wear most types of armour.
You are very stealthy in the water. (Stealth+)
You are amphibious.
You can wear up to eight rings at the same time.
You can use your tentacles to constrict eight enemies at once.
Your skin changes colour to match your surroundings (Stealth+).
Your rubbery body absorbs attacks. (AC +1, EV +1)
One of your tentacles bears a spike.
Scrolls take you a little longer to read.


Message History

Unknown command.
* * * LOW HITPOINT WARNING * * *
You feel sick.
You see here 10 gold pieces.
You now have 230 gold pieces (gained 10).
* * * LOW HITPOINT WARNING * * *
You feel sick.
* * * LOW HITPOINT WARNING * * *
You feel sick.
* * * LOW HITPOINT WARNING * * *
You feel sick.
* * * LOW HITPOINT WARNING * * *
You feel sick.
* * * LOW HITPOINT WARNING * * *
You feel sick.
* * * LOW HITPOINT WARNING * * *
You feel sick.
* * * LOW HITPOINT WARNING * * *
You feel sick.
You die...

...##...# #...##.#....
#.#....# ##.####.....#
#......# ##..........##
##....#.# .....#.##..#.##
#...###.#### ####.#.###.....
#.#.# #.#.. ##..).##..#..#
#..#.# #...# ###..#####..##..
..##.###..########....#
##..###.
.###.....###....@...######...#
## .##..#.......###...##
##(..#.# # .....#.......#
#.######..###.# ..##.#.......#
#.##.....## #.# .##..........#
#.##.##### #.# ##
.#..#........###....# #.# ..
...##..#######....### #.##.#
##.###.# #...### ###)...#
#...... .....# ####)...###


There were no monsters in sight!

Vanquished Creatures
  Grinder (D:3)
  A worker ant (D:4)
  3 adders (D:2)
  An ooze (D:1)
  2 leopard geckos (D:2)
  3 bats (D:1)
  4 giant cockroaches
  2 goblins
  4 hobgoblins
  A jackal (D:3)
  A quokka (D:2)
  A ball python (D:2)
  3 frilled lizards
  3 kobolds
  11 rats
41 creatures vanquished.

Vanquished Creatures (collateral kills)
  Sigmund (D:2)
  An iguana (D:4)
  2 adders
  2 worms
  3 jackals (D:3)
  A frilled lizard (D:2)
  A rat (D:3)
11 creatures vanquished.

Grand Total: 52 creatures vanquished

Notes
Turn   | Place    | Note
-------+----------+-------------------------------------------
     0 | D:1      | sadsongs the Octopode Wizard began the quest for the Orb.
     0 | D:1      | Reached XP level 1. HP: 11/11 MP: 4/4
   115 | D:1      | Reached skill level 3 in Stealth
   327 | D:1      | Reached XP level 2. HP: 12/17 MP: 1/6
   430 | D:1      | Learned a level 2 spell: Call Imp
   433 | D:1      | Learned a level 2 spell: Blink
  1206 | D:2      | Noticed Sigmund
  1220 | D:2      | Reached XP level 3. HP: 21/21 MP: 0/7
  1470 | D:2      | Reached skill level 4 in Stealth
  1837 | D:2      | Found a stormy altar of Qazlal.
  2256 | D:2      | Killed Sigmund
  2256 | D:2      | Reached skill level 5 in Stealth
  2256 | D:2      | Reached XP level 4. HP: 25/27 MP: 2/9
  2299 | D:2      | Reached XP level 5. HP: 31/31 MP: 0/10
  2961 | D:2      | Found a sparkling altar of Nemelex Xobeh.
  3078 | D:2      | Learned a level 3 spell: Mephitic Cloud
  4086 | D:3      | Noticed Grinder
  4104 | D:3      | Paralysed by Grinder for 2 turns
  4126 | D:3      | Gained mutation: Scrolls take you a little longer to read. [potion of mutation]
  4126 | D:3      | Gained mutation: One of your tentacles bears a spike. [potion of mutation]
  4126 | D:3      | Gained mutation: Your spells are a little easier to cast, but a little less powerful. [potion of mutation]
  4126 | D:3      | Lost mutation: Your spells are a little easier to cast, but a little less powerful. [potion of mutation]
  4131 | D:3      | Killed Grinder
  4131 | D:3      | Reached skill level 1 in Fighting
  4131 | D:3      | Reached skill level 6 in Stealth
  4131 | D:3      | Reached XP level 6. HP: 38/38 MP: 1/12
  4389 | D:3      | Learned a level 3 spell: Conjure Flame
  4392 | D:3      | Learned a level 2 spell: Slow
  4826 | D:4      | HP: 1/38 [poisoned by a worker ant]
  4830 | D:4      | Succumbed to a worker ant's poison

Vault maps used:
D:1:      lightli_arrival_maybe_door_vault, serial_bayou_ford_a
D:2:      lemuel_upstairs_altar, nicolae_overflow_crystal_walls,
          overflow_temple_1_default, first_bread, uniq_sigmund
D:3:      uniq_grinder

Skill      XL: |  1  2  3  4  5  6 |
---------------+-------------------+-----
Stealth        | 3 5 6 |  6.6
Conjurations   | 2 3 |  3.1
Fighting       | 1 |  1.1
Spellcasting   | 4 |  4.2
Dodging        | |  2.0
Summonings     | |  1.0
Translocations | |  1.0

Action                   |  1- 3 |  4- 6 || total
-------------------------+-------+-------++-------
Melee: Unarmed           |     5 |       ||     5
       Tentacles         |     3 |     6 ||     9
       Whip              |    12 |    38 ||    50
       Constrict         |     5 |     8 ||    13
       Kick              |       |     1 ||     1
Throw: Stone             |       |     5 ||     5
       Tomahawk          |       |     2 ||     2
 Cast: Magic Dart        |    44 |    28 ||    72
       Call Imp          |    10 |    21 ||    31
  Use: Potion            |     3 |     5 ||     8
       Scroll            |       |     2 ||     2
 Stab: Sleeping          |     1 |     6 ||     7
  Eat: Bread ration      |     1 |       ||     1
       Chunk             |       |     8 ||     8
Armor: Skin              |     2 |     2 ||     4
Dodge: Dodged            |    29 |    33 ||    62

Table legend:
 A = Spawn XP
 B = Non-spawn XP
 C = Spawn XP percentage of total XP
 D = Spawn monster count
 E = Non-spawn monster count
 F = Spawn count percentage of total count
 G = Total turns spent on level
                    A         B        C        D         E        F      G
               +---------+---------+-------+---------+---------+-------+---------
         Total |       0 |     471 |   0.0 |       0 |      52 |   0.0 |  4830
               +---------+---------+-------+---------+---------+-------+---------
           D:1 |       0 |      27 |   0.0 |       0 |      14 |   0.0 |  1782
           D:2 |       0 |     184 |   0.0 |       0 |      21 |   0.0 |  1319
           D:3 |       0 |     205 |   0.0 |       0 |      13 |   0.0 |  1313
           D:4 |       0 |      55 |   0.0 |       0 |       4 |   0.0 |   416
               +---------+---------+-------+---------+---------+-------+---------
